Unix NetHack Version 5.0.0-0 post-release - last build May 10 2026 23:12:36 (d1fa5d53e341ca933230fdaa984d921c805b60aa,branch:main).

Game began 2026-05-16 01:55:45, ended 2026-05-16 13:00:53.

Drastanta, lawful male human Knight

                              --------
                              |...|.>-------------
                              |......^.....^^^^^.|
                              |-..|..-----------+|
                              |...|0.|...--|.....|
                              |.%.|.0.-...-|.....|
                              |...--.......|.....|
                              |-.|..-..|.-.|..<..|
                              |..|.0.0.|00.|.....|
                              |..f..-00|.-.|.....|
                              |.@......|...|.....|
                              --------------------

Drastanta the Bachelor   St:7 Dx:9 Co:14 In:9 Wi:16 Ch:17  Lawful
Dlvl:3  $:324 HP:0(59) Pw:46(46) AC:2  Xp:7 T:5741  Burdened

Latest messages:
 The boulder suddenly rolls away from you!
 You hear a boulder fall.
 With great effort you move the boulder.
 With great effort you move the boulder.
 The boulder suddenly rolls away from you!
 You hear a boulder fall.
 In what direction? 4
 You kick a werejackal corpse.
 Thump!
 Ouch!  That hurts!
 Your leg feels better.
 q - a cyan potion.
 The scorpion misses!
 The scorpion misses!
 The scorpion stings!
 You hit the scorpion!
 The scorpion hits!
 The scorpion misses!
 The scorpion just misses!
 You kill the scorpion!
 You see here a scorpion corpse.
 There is a scorpion corpse here; eat it? [ynq] (n) y
 Ecch - that must have been poisonous!
 Your movements are slowed slightly because of your load.
 You finish eating the scorpion corpse.
 With great effort you move the boulder.
 With great effort you move the boulder.
 You see here a werejackal corpse.
 With great effort you move the boulder.
 The boulder suddenly rolls away from you!
 You hear a boulder fall.
 You see here a werejackal corpse.
 The lynx hits!
 The lynx hits again!
 The lynx bites!
 The lynx hits!
 The lynx misses!
 The lynx bites!
 The lynx hits!
 The lynx hits again!
 The lynx bites!
 Are you sure you want to pray? [yn] (n) y
 You begin praying to Lugh.
 The lynx hits!
 You die...
 Do you want your possessions identified? [ynq] (y) n
 Do you want to see your attributes? [ynq] (y) n
 Do you want an account of creatures vanquished? [ynaq] (y) n
 Do you want to see your conduct and achievements? [ynq] (y) n
 Do you want to see the dungeon overview? [ynq] (y) n

Inventory:
 Coins    ('$')
  $ - 324 gold pieces
 Amulets  ('"')
  v - an uncursed amulet of reflection (being worn)
 Weapons  (')')
  a - the blessed rustproof +1 Excalibur (weapon in right hand)
 Armor    ('[')
  d - an uncursed +0 helmet (being worn)
  f - an uncursed very burnt +0 pair of leather gloves (being worn)
  y - an uncursed +0 pair of iron shoes (being worn)
  e - an uncursed +0 small shield (being worn)
  x - a blessed +0 dwarvish cloak (being worn)
  c - an uncursed +1 ring mail (being worn)
 Comestibles  ('%')
  g - an uncursed candy bar labeled "Apollo"
  o - an uncursed food ration
  Y - an uncursed partly eaten food ration
  b - 2 uncursed fortune cookies
  h - 3 uncursed tripe rations
  l - an uncursed egg
 Scrolls  ('?')
  p - 2 uncursed scrolls of earth
  i - a cursed scroll of earth
  K - 2 uncursed scrolls of teleportation
 Potions  ('!')
  q - an uncursed potion of extra healing
 Rings    ('=')
  n - an uncursed ring of conflict
  j - an uncursed ring of fire resistance
  m - an uncursed ring of searching
 Wands    ('/')
  X - a wand of make invisible (0:4)
  E - a cursed wand of striking (0:0)
 Tools    ('(')
  J - a cursed skeleton key
  A - an uncursed tin whistle

Drastanta the Knight's attributes:

Background:
 You were a Bachelor, a level 7 male human Knight.
 You were lawful, on a mission for Lugh
 who was opposed by Brigit (neutral) and Manannan Mac Lir (chaotic).
 You were right-handed.
 You were in Sokoban, on level 3.
 You entered the dungeon 5741 turns ago.
 There was a new moon in effect when your adventure ended.
 You had 1234 experience points, 46 more were needed to attain level 8.

Basics:
 You had 0 out of 59 hit points.
 You had all 46 energy points (spell power).
 Your armor class was 2.
 Your wallet contained 324 zorkmids.
 Autopickup was off.

Final Characteristics:
 Your strength was 7 (peak:15, limit:18/100).
 Your dexterity was 9 (limit:18).
 Your constitution was 14 (limit:18).
 Your intelligence was 9 (limit:18).
 Your wisdom was 16 (limit:18).
 Your charisma was 17 (limit:18).

Final Status:
 You weren't hungry.
 You were burdened; movement was slightly slowed.
 You were wielding a long sword.
 You were skilled in long sword and could have enhanced that.

Final Attributes:
 You were piously aligned.
 Your items were somewhat protected from fire.
 You were cold resistant.
 Your items were somewhat protected from cold.
 You were level-drain resistant.
 You were telepathic.
 You had automatic searching.
 You could jump.
 You were warded.
 You were fast.
 You had reflection.
 You were unlucky.
 You are dead.

Miscellaneous:
 You didn't encounter any bones levels.
 Total elapsed playing time was 1 hour, 4 minutes and 21 seconds.

Major events:
 Turn
    1: Drastanta the lawful male human Knight entered the dungeon
  969: entered the Gnomish Mines
  985: attained the rank of Esquire (level 3)
 1694: reached Mine Town
 2541: was given Excalibur by the Lady of the Lake
 3142: attained the rank of Bachelor (level 6)
 4079: entered Sokoban
 4470: completed 1st Sokoban level
 5516: completed 2nd Sokoban level
 5741: killed by a lynx, while praying

You didn't know any spells.

Skills:
 Fighting Skills
   bare handed combat [Unskilled]
   two weapon combat  [Unskilled]
   riding             [Basic]
 Weapon Skills
   dagger             [Unskilled]
   knife              [Unskilled]
   axe                [Unskilled]
   pick-axe           [Unskilled]
   short sword        [Unskilled]
   broadsword         [Unskilled]
   long sword         [Skilled]
   two-handed sword   [Unskilled]
   saber              [Unskilled]
   club               [Unskilled]
   mace               [Unskilled]
   morning star       [Unskilled]
   flail              [Unskilled]
   hammer             [Unskilled]
   polearms           [Unskilled]
   spear              [Unskilled]
   trident            [Unskilled]
   lance              [Basic]
   bow                [Unskilled]
   crossbow           [Unskilled]
 Spellcasting Skills
   attack spells      [Unskilled]
   healing spells     [Unskilled]
   clerical spells    [Unskilled]

Voluntary challenges:
 Character rerolling was not enabled.
 You never genocided any monsters.
 You never polymorphed an object.
 You never changed form.
 You used no wishes.
 You violated the special Sokoban rules twice.
Achievements:
 You entered the Gnomish Mines.
 You attained the rank of Esquire.
 You entered Minetown.
 You attained the rank of Bachelor.
 You entered Sokoban.

 The Dungeons of Doom: levels 1 to 9
    Level 1:
       An altar to Lugh, some fountains.
    Level 2:
       Stairs down to The Gnomish Mines.
    Level 3:
       An altar to Lugh, some sinks.
    Level 4:
    Level 5:
       Many fountains.
    Level 6:
       Stairs up to Sokoban, level 5.
    Level 7:
       A throne.
    Level 8:
       A sink.
    Level 9:
 The Gnomish Mines: levels 3 to 5
    Level 3:
    Level 4:
    Level 5:
       An altar, a fountain.
 Sokoban: levels 5 up to 3
    Level 3: <- You were here.
       Unsolved.
       Final resting place for
          you, killed by a lynx, while praying.
    Level 4:
       Solved.
    Level 5:
       Solved.


Vanquished creatures:
  a large cat
  a giant beetle
  2 winter wolf cubs
  a panther
 an orc-captain
  a giant spider
  a scorpion
  a gnome ruler
  a Green-elf
  2 snakes
 an imp
  a wood nymph
 18 Mordor orcs
  a rock piercer
  2 ponies
  4 gnome leaders
  a kobold mummy
  a gray ooze
  2 elf zombies
  a baby crocodile
  2 floating eyes
  4 dwarves
  3 hill orcs
  2 rothes
  2 rabid rats
  2 centipedes
  a giant bat
  a werejackal
 an iguana
 an acid blob
  a hobgoblin
  2 giant rats
  a brown mold
  a yellow mold
 19 gnomes
  a garter snake
  3 geckos
  6 jackals
  3 foxes
  4 kobolds
  2 goblins
  4 sewer rats
  2 grid bugs
  2 bats
  3 lichens
  a kobold zombie
  5 newts
123 creatures vanquished.

No species were genocided or became extinct.

Game over:
                       ----------
                      /          \
                     /    REST    \
                    /      IN      \
                   /     PEACE      \
                  /                  \
                  |    Drastanta     |
                  |      324 Au      |
                  | killed by a lynx |
                  |                  |
                  |                  |
                  |                  |
                  |       2026       |
                 *|     *  *  *      | *
        _________)/\\_//(\/(/\)/\//\/|_)_______

Fare thee well Drastanta the Knight...

You died in Sokoban on dungeon level 3 with 5638 points,
and 324 pieces of gold, after 5741 moves.
You were level 7 with a maximum of 59 hit points when you died.

